 Dungeon Crawl Stone Soup version 0.19.5 (webtiles) character file.

1309 pps the Slinger (level 8, 0/40 HPs)
             Began as a Spriggan Artificer on Mar 21, 2017.
             Was an Initiate of Sif Muna.
             Slain by Nelagord's ghost (8 damage)
             ... on level 6 of the Dungeon.
             The game lasted 01:09:25 (7142 turns).

pps the Slinger (Spriggan Artificer)                Turns: 7142, Time: 01:09:28

Health: 0/40       AC:  1    Str: 10    XL:     8   Next: 32%
Magic:  0/12       EV: 21    Int: 16    God:    Sif Muna [......]
Gold:   196        SH:  0    Dex: 16    Spells: 0 memorised, 7 levels left

rFire  . . .     SeeInvis +     p - +2 whip (elec)
rCold  . . .     Gourm    .     (armour restricted)
rNeg   . . .     Faith    .     (shield restricted)
rPois  .         Spirit   +     (helmet restricted)
rElec  .         Reflect  .     m - +0 cloak
rCorr  .         Harm     .     (gloves unavailable)
MR     +....                    (boots unavailable)
Stlth  +++.......               B - amulet of guardian spirit
                                (no ring)
                                r - +3 ring of intelligence

@: very quick
A: unfitting armour, see invisible, herbivore 3, speed 3, slow metabolism 2
a: Renounce Religion


You were on level 6 of the Dungeon.
You worshipped Sif Muna.
Sif Muna was noncommittal.
You were full.

You visited 2 branches of the dungeon, and saw 7 of its levels.

You collected 196 gold pieces.

Inventory:

Hand Weapons
 a - a +0 short sword
 h - a +0 spear
 k - a +0 spear of piercing
 p - a +2 whip of electrocution (weapon)
 x - a +1 hunting sling of velocity
 D - a +0 blowgun
 G - a +0 quarterstaff
 J - a +1 dagger of speed
 R - a +0 quarterstaff
Missiles
 g - 129 arrows
 w - 69 stones (quivered)
 E - 16 poisoned needles
Armour
 b - a +0 robe
 m - a +0 cloak (worn)
 u - a +0 leather armour
 z - a +2 ring mail of fire resistance
 F - a +0 robe of positive energy
 S - a cursed -2 ring mail
Jewellery
 r - a +3 ring of intelligence (left hand)
 v - a cursed ring of teleportation {unknown}
 B - an amulet of guardian spirit (around neck)
 C - an uncursed amulet of guardian spirit
 L - a +3 ring of protection {unknown}
Wands
 c - a wand of flame (13/48)
 d - a wand of enslavement (15/24)
 e - a wand of random effects (15/48)
 N - a wand of slowing (21/48)
 Q - a wand of heal wounds (2/9)
Scrolls
 j - 3 scrolls of fog
 n - 3 scrolls of random uselessness
 s - 2 scrolls of teleportation
 t - 2 scrolls of amnesia
 y - 3 scrolls of remove curse
 I - a scroll of enchant armour {unknown}
 M - 4 scrolls of identify
 T - a scroll of holy word {unknown}
Potions
 l - a potion of haste {unknown}
 o - a potion of might {unknown}
 q - 2 potions of curing
 A - 2 potions of brilliance {unknown}
 H - a potion of cure mutation {unknown}
 K - a potion of invisibility {unknown}
 P - a potion of agility {unknown}
Comestibles
 f - 2 bread rations
 i - a beef jerky
 O - a meat ration


   Skills:
 + Level 3.4 Fighting
 + Level 1.9 Short Blades
 + Level 2.4 Maces & Flails
 + Level 8.0 Slings
 + Level 5.3 Dodging
 + Level 3.6 Stealth
 + Level 5.3 Evocations


You had 7 spell levels left.
You didn't know any spells.

Dungeon Overview and Level Annotations

Branches:
Dungeon (6/15)             Temple (1/1) D:5

Altars:
Ashenzari
Cheibriados
Dithmenos
Elyvilon
Fedhas
Gozag
Hepliaklqana
Kikubaaqudgha
Makhleb
Nemelex Xobeh
Okawaru
Qazlal
Ru
Sif Muna
Trog
Uskayaw
Vehumet
Xom
Yredelemnul
Zin
The Shining One

Shops:
D:6 *

Annotations:
D:6 Nelagord's ghost, novice GrFi


Innate Abilities, Weirdness & Mutations

You are very small and have problems with some larger weapons.
You are too small for most types of armour.
You have supernaturally acute eyesight. (SInv)
You are a herbivore.
You cover ground extremely quickly.
You need consume almost no food.


Message History

You see here 3 stones.
You see here 3 stones.
The bullfrog swells and bulges.
You see here 3 stones.
Wield which item (- for none, * to show all)? (? for menu, Esc to quit)
You hear the crackle of electricity.
p - a +2 whip of electrocution (weapon)
You hit the bullfrog.
The bullfrog is lightly wounded.
The bullfrog closely misses you.
You barely miss the bullfrog.
The bullfrog is lightly wounded.
The bullfrog hits you. The bullfrog closely misses you.
You hit the bullfrog.
The bullfrog is moderately wounded.
The bullfrog hits you!
* * * LOW HITPOINT WARNING * * *
Nelagord's ghost says, "You can hit me, but you can't hurt me."
Nelagord's ghost hits you!
You die...

###
..###############################
...(.W(.(...(.(F@W......W(W.(..W.
#(#######.#############.#########
#..(.((.#.# ####.# #######.#.###
#....# .W.(.(..(...## #....#
....#.#.#.#(.# #....#
#...#.#.#.(..#######....#
#.<.#...W...(W.W........####
#.#.###....(((..(...((.....#


You could see a bullfrog and Nelagord's ghost.

Vanquished Creatures
  A water moccasin (D:6)
  A black bear (D:6)
  A phantom (D:6)
  2 ogres
  2 bullfrogs (D:6)
  3 scorpions
  A howler monkey (D:4)
  2 crimson imps
  A centaur zombie (D:5)
  2 hounds (D:5)
  An orc wizard (D:5)
  A centaur skeleton (D:4)
  2 iguanas (D:5)
  Ijyb (D:4)
  Terence (D:2)
  A worker ant (D:4)
  2 hound skeletons
  2 worker ant zombies
  6 adders
  A shadow imp (D:5)
  An ooze (D:1)
  An adder zombie (D:6)
  6 worms
  2 dart slugs (D:1)
  A leopard gecko (D:4)
  5 orcs
  4 bats
  6 giant cockroaches
  10 goblins
  5 hobgoblins
  8 jackals
  7 kobolds
  A quokka (D:4)
  A ball python (D:2)
  4 frilled lizards
  2 quokka skeletons (D:4)
  6 rats
104 creatures vanquished.

Notes
Turn   | Place    | Note
-------+----------+-------------------------------------------
     0 | D:1      | pps the Spriggan Artificer began the quest for the Orb.
     0 | D:1      | Reached XP level 1. HP: 9/9 MP: 4/4
   290 | D:1      | Reached XP level 2. HP: 14/14 MP: 6/6
   815 | D:2      | Reached skill level 1 in Fighting
   837 | D:2      | Reached skill level 5 in Evocations
   837 | D:2      | Reached XP level 3. HP: 18/18 MP: 7/7
   961 | D:2      | Noticed Ijyb
  1307 | D:2      | Noticed a phantom
  1718 | D:2      | Noticed Terence
  1771 | D:2      | Reached skill level 1 in Slings
  1775 | D:2      | Killed Terence
  1775 | D:2      | Reached XP level 4. HP: 9/22 MP: 8/8
  2048 | D:2      | Reached skill level 2 in Slings
  2222 | D:3      | Found a hide-covered altar of Uskayaw.
  2726 | D:3      | Reached skill level 3 in Slings
  2779 | D:3      | You fall through a shaft for 2 floors!
  2779 | D:5      | Entered Level 5 of the Dungeon
  2841 | D:4      | Noticed an ogre
  2847 | D:4      | Killed an ogre
  2847 | D:4      | Reached skill level 4 in Slings
  2847 | D:4      | Reached XP level 5. HP: 26/26 MP: 9/9
  2968 | D:4      | Reached XP level 6. HP: 19/30 MP: 5/10
  3142 | D:4      | Killed Ijyb
  3142 | D:4      | Reached skill level 5 in Slings
  4140 | D:5      | Found a staircase to the Ecumenical Temple.
  4146 | Temple   | Entered the Ecumenical Temple
  4490 | Temple   | Became a worshipper of Sif Muna the Loreminder
  4587 | D:5      | Reached skill level 6 in Slings
  4617 | D:5      | Reached XP level 7. HP: 29/35 MP: 9/11
  4927 | D:5      | Reached skill level 1 in Maces & Flails
  5203 | D:6      | Reached skill level 7 in Slings
  5544 | D:6      | Reached skill level 5 in Dodging
  5544 | D:6      | Reached XP level 8. HP: 28/40 MP: 10/12
  5558 | D:6      | Noticed Nelagord's ghost (novice GrFi)
  5952 | D:6      | Found Voozxonere's General Store.
  6955 | D:6      | Reached skill level 8 in Slings
  7142 | D:6      | Slain by Nelagord's ghost

Skill      XL: |  1  2  3  4  5  6  7  8 |
---------------+-------------------------+-----
Fighting       | 1 2 3 |  3.4
Evocations     | 5 |  5.3
Slings         | 1 4 6 7 8 |  8.0
Stealth        | 2 3 |  3.6
Dodging        | 4 5 |  5.3
Maces & Flails | 1 2 |  2.4
Short Blades   | |  1.9

Action                   |  1- 3 |  4- 6 |  7- 9 || total
-------------------------+-------+-------+-------++-------
Melee: Short sword       |    12 |       |       ||    12
       Whip              |    38 |    39 |    98 ||   175
 Fire: Hunting sling     |    38 |   161 |   200 ||   399
Evoke: Wand              |     2 |       |     1 ||     3
  Use: Scroll            |       |     8 |     1 ||     9
       Potion            |       |     2 |       ||     2
 Stab: Sleeping          |     2 |       |       ||     2
  Eat: Pizza             |       |     1 |       ||     1
       Bread ration      |       |       |     1 ||     1
Armor: Robe              |     4 |     3 |     5 ||    12
Dodge: Dodged            |    59 |    81 |    83 ||   223
